 Dungeon Crawl Stone Soup version bcrawl-1.21.3-16-g7f46a08de7 (webtiles) character file.

Game seed: 4834512956848674748

9102 Chiseanne the Nimble (level 11, -16/51 HPs)
             Began as a Spriggan Fighter on May 4, 2020.
             Was an Initiate of Gozag.
             Killed from afar by Josephine (21 damage)
             ... with a ghostly fireball
             ... on level 10 of the Dungeon.
             The game lasted 00:32:56 (12636 turns).

Chiseanne the Nimble (Spriggan Fighter)            Turns: 12636, Time: 00:32:57

Health: -16/51     AC:  3    Str: 12    XL:     11   Next: 18%
Magic:  12/12      EV: 26    Int: 12    God:    Gozag
Gold:   759        SH:  9    Dex: 17    Spells: 10/10 levels left

rFire    . . .     SeeInvis +   s - +3 short sword (venom)
rCold    . . .     Gourm    .   c - +1 buckler
rNeg     . . .     Faith    .   b - +0 robe
rPois    .         Spirit   .   (helmet restricted)
rElec    .         Reflect  .   (no cloak)
rCorr    .         Harm     .   (gloves unavailable)
MR       +....                  (boots unavailable)
Stlth    ++++......             (no amulet)
HPRegen  0.17/turn              (no ring)
MPRegen  0.13/turn              I - +1 ring of protection

@: drained, very quick
A: very small, unfitting armour, see invisible, herbivore, speed 3, slow
metabolism 2
a: Potion Petition, Call Merchant, Bribe Branch, Renounce Religion


You were on level 10 of the Dungeon.
You worshipped Gozag.
Gozag was pleased with you.
You were not hungry.

You visited 2 branches of the dungeon, and saw 11 of its levels.

You collected 1773 gold pieces.
You spent 886 gold pieces at shops.
You paid 128 gold pieces to Gozag.

Inventory:

Hand Weapons
 a - a +3 dagger of electrocution
 g - the +4 short sword of Fores {flame, Stlth+}
   (You found it on level 9 of the Dungeon)

   It has been specially enchanted to burn those struck by it, causing extra
   injury to most foes and up to half again as much damage against particularly
   susceptible opponents.
   It makes you more stealthy.
 q - a +1 fustibalus of velocity
 s - a +3 short sword of venom (weapon)
 z - a +3 scimitar of flaming
 D - a +0 hunting sling
Missiles
 i - 375 bolts
 k - 1097 arrows
 l - 1110 stones (quivered)
 u - 53 poisoned needles
 y - 239 sling bullets
 F - 4 curare-tipped needles
Armour
 b - a +0 robe (worn)
 c - a +1 buckler (worn)
Jewellery
 I - a +1 ring of protection (right hand)
Scrolls
 f - 3 scrolls of blinking
 n - 6 scrolls of remove curse
 r - a scroll of amnesia
 w - 2 scrolls of enchant armour
 G - 2 scrolls of identify
 H - 4 scrolls of teleportation
Potions
 d - a potion of agility
 h - a potion of heal wounds
 j - 2 potions of flight
 m - 2 potions of lignification
 o - 5 potions of curing
 p - a potion of mutation
 t - 2 potions of magic
 v - a potion of berserk rage
 x - 3 potions of might
 A - a potion of resistance
 B - a potion of invisibility
 C - a potion of ambrosia {unknown}
Comestibles
 e - 11 rations {!d}


   Skills:
 - Level 2.4(1.3) Fighting
 + Level 10.0(8.7) Short Blades
 + Level 12.1(10.7) Dodging
 - Level 10.0(8.7) Stealth
 * Level 9.2(7.9) Shields


You had 10 spell levels left.
You didn't know any spells.
Your spell library was empty.

Dungeon Overview and Level Annotations

Branches:
Dungeon (10/12)            Temple (1/1) D:5            Lair (0/6) D:8
    Orc: D:8-11

Altars:
Ashenzari
Cheibriados
Dithmenos
Elyvilon
Fedhas
Gozag
Kikubaaqudgha
Lugonu
Makhleb
Nemelex Xobeh
Qazlal
Ru
Sif Muna
Trog
Uskayaw
Vehumet
Wu Jian
Xom
Yredelemnul
Zin
The Shining One

Shops:
D:5 %}}!

Portals:
Bailey: D:10

Annotations:
D:6 2 transporters, Lowdrake's ghost, amateur MiFi
D:10 Josephine


Innate Abilities, Weirdness & Mutations

You are very small and have problems with some larger weapons.
You are too small for most types of armour.
You have supernaturally acute eyesight. (SInv)
You are a herbivore.
You cover ground extremely quickly.
You need to consume almost no food.


Message History

You block the jelly's attack. The orc completely misses you.
You feel yourself speed up.
There is a stone staircase leading down here.
You climb downwards.
You hear the roar of battle.
There is an entrance to a bailey on this level.
Hurry and find it before the portal closes forever!
Level annotation: Josephine
There is a stone staircase leading up here.
Found 140 stones.
Josephine points at you and mumbles some strange words.
The ghostly flame explodes!
You feel drained. The ghostly fireball engulfs you!!
* * * LOW HITPOINT WARNING * * *
The orc shouts!
You hear an angry hiss.
You hear a bellow!
There is a flagged portal here.
Josephine gestures at you while chanting.
The ghostly flame explodes!
You feel drained. The ghostly fireball engulfs you!!
You die...
Your body crumbles into a pile of gold.

.........Y###
............#
...... .### ......
..... .......##
#.....
.(.......###......
#........(#.......
#................
##.......@.......
##................
.#.................
..._...@..T......#.
.........o......##
.......<.......##
................#
.................#
.#............^...


You could see Josephine, a troll and an orc.

Vanquished Creatures
  A two-headed ogre (D:8)
  Joseph (D:8)
  An efreet (D:9)
  A polar bear (D:8)
  2 trolls
  A hornet (D:7)
  A hippogriff (D:7)
  Sigmund (D:6)
  A human (D:7)
  4 hogs (D:7)
  13 yaks
  A steam dragon (D:6)
  A crocodile (D:9)
  Duvessa (D:5)
  A water moccasin (D:9)
  2 ice beasts
  A sky beast (D:7)
  3 orc warriors (D:9)
  3 phantoms
  An eye of draining (D:9)
  7 ogres
  A wolf (D:7)
  2 centaurs
  2 bullfrogs (D:7)
  2 big kobolds
  Dowan (D:5)
  A wyvern skeleton (D:8)
  2 hornet simulacra (D:8)
  A scorpion (D:6)
  5 wights (D:9)
  A jelly (D:9)
  2 electric eels (D:8)
  A crimson imp (D:4)
  A centaur zombie (D:9)
  4 orc priests
  A hound (D:10)
  A gnoll shaman (D:3)
  2 centaur skeletons
  2 bullfrog skeletons
  8 orc wizards
  4 iguanas
  4 worker ants
  2 bullfrog simulacra
  A hound skeleton (D:3)
  2 worker ant zombies (D:5)
  8 gnolls
  11 adders
  3 shadow imps
  A white imp (D:7)
  An ufetubus (D:7)
  2 adder zombies
  A dart slug (D:1)
  A worm (D:2)
  2 leopard geckos
  37 orcs
  A ball python (D:3)
  8 bats
  2 goblins (D:2)
  9 hobgoblins
  A jackal (D:5)
  27 kobolds
  4 quokkas
  6 frilled lizards
  9 rats
235 creatures vanquished.

Notes
Turn   | Place    | Note
-------+----------+-------------------------------------------
     0 | D:1      | Chiseanne the Spriggan Fighter began the quest for the Orb.
     0 | D:1      | Reached XP level 1. HP: 11/11 MP: 2/2
    54 | D:1      | Reached skill level 1 in Stealth
   144 | D:1      | Reached XP level 2. HP: 8/16 MP: 3/3
   661 | D:2      | Noticed an ogre
   859 | D:2      | Reached XP level 3. HP: 19/19 MP: 4/4
  1086 | D:2      | Killed an ogre
  1086 | D:2      | Reached skill level 5 in Dodging
  1086 | D:2      | Reached XP level 4. HP: 23/23 MP: 5/5
  1593 | D:3      | Reached XP level 5. HP: 13/27 MP: 6/6
  2209 | D:3      | Found a burning altar of Makhleb.
  2310 | D:3      | Reached skill level 5 in Stealth
  2984 | D:3      | Reached XP level 6. HP: 9/32 MP: 7/7
  3198 | D:4      | Noticed a sky beast
  3980 | D:4      | Found a shattered altar of Ashenzari.
  4156 | D:3      | Reached skill level 6 in Dodging
  4644 | D:4      | Found a corrupted altar of Lugonu.
  4644 | D:4      | Found a stormy altar of Qazlal.
  4692 | D:5      | Entered Level 5 of the Dungeon
  4693 | D:5      | Found Baoto's Food Shoppe.
  4714 | D:5      | Noticed Dowan
  4822 | D:5      | Noticed Duvessa
  4839 | D:5      | Killed Duvessa
  4839 | D:5      | Reached XP level 7. HP: 23/35 MP: 8/8
  4857 | D:5      | Killed Dowan
  5519 | D:5      | Found a staircase to the Ecumenical Temple.
  5529 | Temple   | Entered the Ecumenical Temple
  5560 | Temple   | Became a worshipper of Gozag Ym Sagoz the Greedy
  5766 | D:5      | Found a glowing silver altar of Zin.
  5886 | D:5      | Reached skill level 5 in Short Blades
  5886 | D:5      | Reached skill level 7 in Dodging
  5886 | D:5      | Reached XP level 8. HP: 39/39 MP: 9/9
  5890 | D:5      | Found Jairuif's Distillery.
  5896 | D:5      | Bought a potion of haste for 140 gold pieces
  5896 | D:5      | Bought a potion of curing for 42 gold pieces
  5896 | D:5      | Bought 2 potions of degeneration for 28 gold pieces
  5896 | D:5      | Bought a potion of lignification for 42 gold pieces
  5927 | D:5      | Found Wausy's Gadget Shoppe.
  6161 | D:5      | Found an ancient bone altar of Kikubaaqudgha.
  6209 | D:5      | Found Berphi Oklu's Gadget Emporium.
  6789 | D:5      | Found a sacrificial altar of Ru.
  6929 | D:5      | Bought a potion of mutation for 112 gold pieces
  6929 | D:5      | Bought a potion of agility for 56 gold pieces
  6948 | D:6      | Reached skill level 5 in Shields
  7002 | D:6      | Found a snail-covered altar of Cheibriados.
  7049 | D:6      | Noticed Lowdrake's ghost (amateur MiFi)
  7050 | D:6      | Found a transporter.
  7053 | D:6      | Found a transporter.
  7184 | D:6      | Reached skill level 10 in Stealth
  7364 | D:6      | Noticed Sigmund
  7376 | D:6      | Killed Sigmund
  7376 | D:6      | Reached skill level 8 in Dodging
  7471 | D:6      | Found a radiant altar of Vehumet.
  7848 | D:7      | Found a sparkling altar of Nemelex Xobeh.
  7848 | D:7      | Found a shimmering altar of Xom.
  7848 | D:7      | Found a hide-covered altar of Uskayaw.
  7848 | D:7      | Found a basalt altar of Yredelemnul.
  7869 | D:5      | Bought a potion of invisibility for 112 gold pieces
  7869 | D:5      | Bought a potion of curing for 42 gold pieces
  7933 | D:7      | Found a shadowy altar of Dithmenos.
  7961 | D:7      | Reached XP level 9. HP: 43/43 MP: 10/10
  8482 | D:7      | Reached skill level 9 in Dodging
  8687 | D:8      | Noticed a troll
  8690 | D:8      | Killed a troll
  8690 | D:8      | Reached skill level 10 in Dodging
  8696 | D:8      | Noticed Joseph
  9368 | D:8      | Reached XP level 10. HP: 46/47 MP: 11/11
  9617 | D:8      | Noticed a two-headed ogre
  9620 | D:8      | Killed a two-headed ogre
  9678 | D:8      | Killed Joseph
  9805 | D:8      | Reached skill level 11 in Dodging
 10301 | D:8      | Found a staircase to the Lair.
 10327 | D:8      | Noticed a skeletal warrior
 10611 | D:9      | Found Gitaopn's Magic Scroll Boutique.
 10618 | D:9      | Bought a scroll of amnesia for 42 gold pieces
 10618 | D:9      | Bought a scroll of noise for 12 gold pieces
 10618 | D:9      | Bought a scroll of identify for 24 gold pieces
 10618 | D:9      | Bought a scroll of teleportation for 36 gold pieces
 10618 | D:9      | Bought a scroll of remove curse for 36 gold pieces
 10618 | D:9      | Bought a scroll of teleportation for 36 gold pieces
 10618 | D:9      | Bought a scroll of enchant armour for 90 gold pieces
 10618 | D:9      | Bought a scroll of remove curse for 36 gold pieces
 11547 | D:9      | Reached XP level 11. HP: 50/51 MP: 12/12
 11857 | D:9      | Reached skill level 12 in Dodging
 11972 | D:9      | Got a slimy short sword
 12267 | D:10     | Entered Level 10 of the Dungeon
 12287 | D:10     | Identified the +4 short sword of Fores {flame, Stlth+} (You
                  | found it on level 9 of the Dungeon)
 12299 | D:10     | Noticed a six-headed hydra
 12305 | D:10     | Reached skill level 10 in Short Blades
 12483 | D:10     | Found a shimmering altar of Xom.
 12483 | D:10     | Found a flagged portal.
 12483 | D:10     | Noticed Josephine
 12636 | D:10     | Killed from afar by Josephine

Skill      XL: |  1  2  3  4  5  6  7  8  9 10 11 |
---------------+----------------------------------+-----
Stealth        | 1 2 4 5 6 8 10 | 10.0
Short Blades   | 3 4 5 6 8 9 10 | 10.0
Dodging        | 5 6 7 8 10 11 12 | 12.1
Shields        | 3 4 5 7 8 9 |  9.2
Fighting       | |  2.4

Action                   |  1- 3 |  4- 6 |  7- 9 | 10-12 || total
-------------------------+-------+-------+-------+-------++-------
Melee: Rapier            |    76 |   276 |   118 |       ||   470
       Dagger            |       |       |   266 |   173 ||   439
       Short sword       |       |       |       |   163 ||   163
 Fire: Hunting sling     |       |       |       |    31 ||    31
Throw: Tomahawk          |    24 |    39 |    33 |    24 ||   120
       Stone             |       |       |       |     2 ||     2
Evoke: Wand              |       |       |     7 |    12 ||    19
  Use: Scroll            |     5 |     4 |     7 |     5 ||    21
       Potion            |       |     4 |     2 |       ||     6
 Stab: Sleeping          |     4 |     5 |    12 |     6 ||    27
       Distracted        |       |     1 |     2 |     2 ||     5
       Invisible         |       |       |     1 |       ||     1
       Paralysed         |       |       |     1 |       ||     1
  Eat: Ration            |       |     2 |       |     2 ||     4
Armor: Robe              |     4 |     7 |    12 |     4 ||    27
Dodge: Dodged            |    47 |   176 |   210 |   163 ||   596
Block: Buckler           |    18 |    82 |   118 |    86 ||   304
